 Dungeon Crawl Stone Soup version 0.22-a0 (webtiles) character file.

640332 theanonym the Sorcerer (level 27, -9/170 HPs)
             Began as a Deep Elf Necromancer on Dec 30, 2017.
             Was the Champion of Kikubaaqudgha.
             Killed from afar by an orb of fire (51 damage)
             ... with a bolt of fire
             ... on level 5 of the Realm of Zot on Dec 31, 2017.
             The game lasted 06:52:36 (83817 turns).

theanonym the Sorcerer (Deep Elf Necromancer)      Turns: 83817, Time: 06:52:36

Health: -9/170     AC: 11    Str: 12    XL:     27
Magic:  10/73      EV: 25    Int: 45    God:    Kikubaaqudgha [******]
Gold:   4829       SH: 19    Dex: 20    Spells: 0/78 levels left

rFire    + . .     SeeInvis +   a - staff of conjuration
rCold    + . .     Gourm    .   L - +5 shield {AC+3}
rNeg     . . .     Faith    .   J - +2 robe "Ynijisum" {Str+4 Int+3, 0}
rPois    .         Spirit   .   M - +2 hat {Int+3}
rElec    +         Reflect  .   H - scarf {rC+ rF+} {rF+ rC+}
rCorr    .         Harm     .   W - -1 pair of gloves of the Evening {rElec MP+9 Str-4 Dex+5}
MR       ++...                  k - +1 pair of boots {Fly}
Stlth    ++........             G - amulet of regeneration {Regen+}
HPRegen  0.78/turn              P - +5 ring of intelligence
MPRegen  0.43/turn              C - ring "Rucsu" {MP+9 Str+7 SInv}

@: about to teleport, very slightly contaminated, invisible
A: no striking features
}: 3/15 runes: barnacled, silver, gossamer
a: Receive Corpses, Torment, Renounce Religion, Evoke Flight


   Skills:
 + Level 16.8 Fighting
 - Level 15.0 Dodging
 - Level 2.4 Stealth
 - Level 15.0 Shields
 - Level 26.0 Spellcasting
 + Level 18.6 Conjurations
 - Level 5.8 Hexes
 - Level 9.0 Charms
 - Level 10.0 Summonings
 - Level 20.0 Necromancy
 - Level 10.0 Transmutations
 - Level 10.0 Ice Magic
 - Level 5.0 Air Magic
 - Level 16.5 Earth Magic
 + Level 17.5 Evocations


You couldn't memorise any spells.
You knew the following spells:

 Your Spells              Type           Power        Failure   Level  Hunger
a - Iron Shot             Conj/Erth      ########..   1%          6    None
b - Infestation           Necr           ########..   1%          8    None
c - Invisibility          Hex            #######.     3%          6    None
d - Simulacrum            Ice/Necr       ########..   1%          6    None
e - Borgnjor's Vile Clut  Necr/Erth      ########..   0%          5    None
f - Bolt of Draining      Conj/Necr      ########..   0%          5    None
g - Ozocubu's Armour      Chrm/Ice       #######.     0%          3    None
i - Haunt                 Necr/Summ      ########..   1%          7    None
j - Dispel Undead         Necr           ########     0%          5    None
k - Necromutation         Tmut/Necr      ########..   3%          8    None
l - Blink                 Tloc           N/A          1%          2    None
q - Apportation           Tloc           ######       1%          1    None
r - Regeneration          Chrm/Necr      ########..   0%          3    None
s - Swiftness             Chrm/Air       #######.     1%          2    None
t - Deflect Missiles      Chrm/Air       #######...   1%          6    None
x - Aura of Abjuration    Summ           #######...   1%          5    None

Skill      XL: |  1  2  3  4  5  6  7  8  9 10 11 12 13 14 15 16 17 18 19 20 21 22 23 24 25 26 27 |
---------------+----------------------------------------------------------------------------------+-----
Necromancy     | 5 6 7 8 10 11 12 13 15 19 20 | 20.0
Spellcasting   | 4 5 6 8 10 13 15 16 18 20 22 24 25 26 | 26.0
Charms         | 2 5 7 9 |  9.0
Earth Magic    | 3 5 6 7 8 10 11 16 | 16.5
Ice Magic      | 3 5 7 10 | 10.0
Fighting       | 1 5 6 8 9 10 12 13 14 15 16 | 16.8
Dodging        | 6 8 10 11 12 14 15 | 15.0
Conjurations   | 5 9 10 13 15 18 | 18.6
Air Magic      | 5 |  5.0
Hexes          | 5 |  5.8
Transmutations | 6 10 | 10.0
Shields        | 4 8 13 15 | 15.0
Summonings     | 10 | 10.0
Evocations     | 8 14 16 17 | 17.5
Stealth        | |  2.4

Action                   |  1- 3 |  4- 6 |  7- 9 | 10-12 | 13-15 | 16-18 | 19-21 | 22-24 | 25-27 || total
-------------------------+-------+-------+-------+-------+-------+-------+-------+-------+-------++-------
Melee: Unarmed           |     1 |     2 |     3 |       |       |       |       |       |       ||     6
       Dagger            |       |       |    68 |   254 |   158 |       |       |       |       ||   480
       Staff             |       |       |       |       |    67 |    37 |    26 |     9 |       ||   139
Throw: Throwing net      |       |       |       |       |       |     1 |       |       |       ||     1
 Cast: Pain              |    60 |   113 |    89 |    10 |       |       |       |       |       ||   272
       Vampiric Draining |       |     8 |     2 |     3 |       |       |       |       |       ||    13
       Animate Dead      |       |    12 |    20 |    37 |    60 |     3 |       |       |       ||   132
       Regeneration      |       |     2 |     1 |     8 |    14 |    47 |     5 |       |       ||    77
       Borgnjor's Vile C |       |     7 |    57 |   137 |   339 |   175 |    90 |    90 |    36 ||   931
       Ozocubu's Armour  |       |       |     4 |    13 |    20 |    31 |    16 |    15 |     3 ||   102
       Apportation       |       |       |       |    17 |     5 |     4 |       |     1 |       ||    27
       Throw Icicle      |       |       |       |    17 |    62 |    13 |       |       |       ||    92
       Sublimation of Bl |       |       |       |     3 |    23 |    57 |     9 |     2 |       ||    94
       Simulacrum        |       |       |       |     3 |    15 |       |     2 |     3 |       ||    23
       Dispel Undead     |       |       |       |       |    19 |       |   226 |   114 |    25 ||   384
       Deflect Missiles  |       |       |       |       |     2 |     8 |     4 |     4 |     2 ||    20
       Infestation       |       |       |       |       |       |   106 |    34 |    41 |    10 ||   191
       Cause Fear        |       |       |       |       |       |     2 |       |       |       ||     2
       Bolt of Draining  |       |       |       |       |       |   177 |   299 |   372 |   335 ||  1183
       Necromutation     |       |       |       |       |       |       |    64 |    84 |    55 ||   203
       Iron Shot         |       |       |       |       |       |       |     8 |    43 |   111 ||   162
       Haunt             |       |       |       |       |       |       |       |    18 |    18 ||    36
       Blink             |       |       |       |       |       |       |       |     3 |     4 ||     7
       Swiftness         |       |       |       |       |       |       |       |       |     1 ||     1
       Invisibility      |       |       |       |       |       |       |       |       |     4 ||     4
Invok: Receive Corpses   |       |       |       |     3 |     7 |       |     1 |     1 |       ||    12
       Receive Necronomi |       |       |       |       |     1 |       |       |       |       ||     1
 Abil: End Transformatio |       |       |       |       |       |       |     1 |     1 |     1 ||     3
       Stop Flying       |       |       |       |       |       |       |     1 |       |       ||     1
Evoke: Wand              |       |       |       |     6 |    10 |     2 |       |     5 |     1 ||    24
       Staff of energy   |       |       |       |       |       |       |       |    46 |   147 ||   193
  Use: Scroll            |       |     6 |    12 |     8 |    14 |    12 |    17 |     8 |     8 ||    85
       Potion            |       |       |       |       |     1 |     4 |       |       |     1 ||     6
 Stab: Sleeping          |       |       |     1 |     4 |     2 |       |       |       |       ||     7
       Distracted        |       |       |       |       |     1 |     1 |       |       |       ||     2
  Eat: Chunk             |     2 |     7 |     8 |    28 |    33 |    42 |    15 |     7 |     1 ||   143
       Ration            |       |     3 |     8 |     9 |    10 |     6 |     4 |     3 |     6 ||    49
Armor: Robe              |       |     6 |    19 |    69 |    51 |    57 |    32 |    31 |    21 ||   286
Dodge: Dodged            |    11 |    29 |    62 |   241 |   346 |   381 |   223 |   153 |   148 ||  1594
       Deflected         |       |       |       |       |    14 |    63 |    42 |    55 |    31 ||   205
Block: Buckler           |       |       |       |       |       |       |    28 |    31 |       ||    59
       Shield            |       |       |       |       |       |       |       |    95 |   126 ||   221

Inventory:

Missiles
 T - 16 throwing nets (quivered)
Armour
 k - a +1 pair of boots of flying (worn)
   (You found it on level 2 of the Crypt)
 p - a +2 cloak
   (You took it off a draconian scorcher on level 5 of the Realm of Zot)
 H - a scarf of resistance (worn) {rF+ rC+}
   (You found it on level 8 of the Dungeon)
 J - the +2 robe "Ynijisum" (worn) {Str+4 Int+3, 0}
   (You took it off a tengu warrior on level 11 of the Dungeon)

   It affects your strength (+4).
   It affects your intelligence (+3).
 L - a +5 shield of protection (worn)
   (You found it on level 2 of the Depths)
 M - a +2 hat of intelligence (worn)
   (You found it on level 4 of the Vaults)
 W - the -1 pair of gloves of the Evening (worn) {rElec MP+9 Str-4 Dex+5}
   (You found it in an ice cave)

   It affects your strength (-4).
   It affects your dexterity (+5).
   It insulates you from electricity.
   It affects your magic capacity (+9).
Magical Staves
 a - an uncursed staff of conjuration (weapon)
   (You found it on level 11 of the Dungeon)
 b - an uncursed staff of energy {+Channel Hungerless}
   (You found it on level 3 of the Elven Halls)
Jewellery
 C - the ring "Rucsu" (right hand) {MP+9 Str+7 SInv}
   (You took it off a deep elf sorcerer on level 3 of the Elven Halls)

   [ring of magical power]

   It affects your strength (+7).
   It affects your magic capacity (+9).
   It lets you see invisible.
 G - an amulet of regeneration (around neck) {Regen+}
   (You found it on level 4 of the Lair of Beasts)
 P - a +5 ring of intelligence (left hand)
   (You found it on level 4 of the Spider Nest)
 Y - a +5 ring of intelligence
   (You took it off a deep elf demonologist on level 3 of the Elven Halls)
Wands
 c - a wand of clouds (5)
   (You took it off an orc knight on level 5 of the Vaults)
 d - a wand of digging (39)
   (You found it on level 2 of the Elven Halls)
 g - a wand of polymorph (41)
   (You took it off Grinder on level 6 of the Dungeon)
 s - a wand of iceblast (16)
   (You found it on level 5 of the Dungeon)
 v - a wand of acid (52)
   (You found it on level 3 of the Spider Nest)
 A - a wand of scattershot (6)
   (You found it on level 3 of the Depths)
Scrolls
 f - 4 scrolls of fog
 j - 9 scrolls of fear
 r - 19 scrolls of identify
 t - 14 scrolls of teleportation {!r}
 u - 21 scrolls of remove curse
 y - 9 scrolls of magic mapping
 B - 3 scrolls of holy word
 K - 4 scrolls of immolation
 O - 3 scrolls of summoning
 R - 4 scrolls of blinking
 S - 7 scrolls of enchant armour
Potions
 h - 11 potions of brilliance
 l - 7 potions of cancellation
 m - 9 potions of flight
 n - 6 potions of resistance {rF+ rC+}
 o - 5 potions of ambrosia
 q - 10 potions of heal wounds
 w - 20 potions of curing
 x - 8 potions of mutation
 D - 3 potions of invisibility
 E - 3 potions of agility
 N - 4 potions of magic
 Q - 14 potions of haste
Books
 i - a book of Power
   (You found it on level 4 of the Vaults)
 F - a Necronomicon {god gift}
   (Kikubaaqudgha gifted it to you on level 15 of the Dungeon)
Miscellaneous
 V - 3 phantom mirrors
 X - a lamp of fire
   (You found it on level 4 of the Shoals)
 Z - a fan of gales
   (You found it on level 4 of the Shoals)
Comestibles
 e - 55 rations


You were on level 5 of the Realm of Zot.
You worshipped Kikubaaqudgha.
Kikubaaqudgha was exalted by your worship.
You were full.

You visited 11 branches of the dungeon, and saw 53 of its levels.
You also visited: Sewer, Ossuary and Ice Cave.

You collected 5692 gold pieces.
You spent 863 gold pieces at shops.

Dungeon Overview and Level Annotations

Branches:
Dungeon (15/15)            Temple (1/1) D:7            Lair (6/6) D:11
 Shoals (4/4) Lair:3       Spider (4/4) Lair:4        Slime (0/5) Lair:6
    Orc (2/2) D:11            Elf (3/3) Orc:2        Vaults (5/5) D:13
  Crypt (3/3) Vaults:3       Tomb (0/3) Crypt:3      Depths (5/5) D:15
    Zot (5/5) Depths:5

Altars:
Ashenzari
Cheibriados
Dithmenos
Elyvilon
Fedhas
Gozag
Hepliaklqana
Kikubaaqudgha
Makhleb
Nemelex Xobeh
Okawaru
Qazlal
Ru
Sif Muna
Trog
Uskayaw
Vehumet
Wu Jian
Xom
Yredelemnul
Zin
The Shining One
Beogh
Jiyva

Shops:
D:5 (   D:7 %   Orc:2 [*?(   Elf:1 }   Elf:2 (   Vaults:1 (   Vaults:5 *
Depths:4 }=}

Portals:
Hell: Depths:1 Depths:2 Depths:3 Depths:4 Depths:5
Abyss: Depths:4
Pandemonium: Depths:3
Ziggurat: Depths:1

Annotations:
D:5 dig
Depths:5 6 runed doors


Message History

You block the red draconian knight's attack.
You now have 16/73 mp.
Unknown command.
Unknown command.
Unknown command.
Unknown command.
Unknown command.
You fade into invisibility!
You are very lightly contaminated with residual magic.
* * * LOW MAGIC WARNING * * *
The red draconian knight completely misses you.
Your freezing wraith completely misses the orb of fire.
Your freezing wraith misses the orb of fire.
The golden dragon barely misses your phantasmal warrior.
The golden dragon claws your phantasmal warrior but does no damage.
The golden dragon tramples your phantasmal warrior!
Your phantasmal warrior holds its ground!
An ancient lich comes into view.
You now have 10/73 mp.
Welcome back, theanonym the Deep Elf Necromancer.
Kikubaaqudgha says: Spread unending torment and darkness!
You swap places.
A Killer Klown comes into view.
The orb of fire glows red.
The fireball explodes!
The fireball engulfs you! You resist. The fireball engulfs your wraith.
The fireball engulfs your freezing wraith.
Your freezing wraith is burned terribly!
Your freezing wraith is destroyed!
The fireball engulfs your wraith.
Your wraith is destroyed!
The fireball engulfs the orb of fire.
The orb of fire completely resists.
The fireball engulfs your wraith.
Your wraith is destroyed!
The fireball engulfs your wraith.
Your wraith is destroyed!
The Killer Klown blinks!
Your wraith completely misses the orb of fire.
The red draconian knight hits your phantasmal warrior but does no damage.
The orb of fire emits a lurid red light.
The fireball explodes!
The fireball engulfs you! You resist. The fireball engulfs your wraith.
Your wraith is destroyed!
The fireball engulfs the orb of fire.
The orb of fire completely resists.
The golden dragon bites your phantasmal warrior!
The golden dragon claws your phantasmal warrior!
The golden dragon tramples your phantasmal warrior.
Your phantasmal warrior holds its ground!
Your phantasmal warrior hits the red draconian knight but does no damage.
You hear a shout! x4
You take 43 damage, and have 65/170 hp.
MASSIVE DAMAGE!!
Really read
t - 15 scrolls of teleportation {!r}?
As you read the scroll of teleportation {!r}, it crumbles to dust.
You feel strangely unstable.
You feel the Orb delaying your translocation!
The orb of fire glows bright magenta.
The bolt of fire hits your phantasmal warrior.
Your phantasmal warrior is destroyed!
You hear a distant "Zot"!
The red draconian knight hits your wraith with a great sword of holy wrath!!
Your wraith convulses!
Your wraith hits the orb of fire!
The golden dragon closely misses your wraith.
The golden dragon claws your wraith but does no damage.
The golden dragon tramples your wraith!
Your wraith holds its ground!
Your wraith is destroyed!
The Killer Klown laughs merrily.
The Killer Klown blinks!
You blink.
The red draconian knight roars!
* * * LOW MAGIC WARNING * * *
The orb of fire glows bright magenta.
The bolt of fire hits your wraith.
Your wraith is destroyed!
The bolt of fire misses you.
The orb of fire glows yellow.
The bolt of fire hits your wraith.
Your wraith is destroyed!
The bolt of fire hits you! You resist.
* * * LOW HITPOINT WARNING * * *
The golden dragon misses your wraith. The golden dragon claws your wraith!
The golden dragon tramples your wraith!
Your wraith is shoved backwards!
Your wraith hits the orb of fire.
Your wraith drains the orb of fire's vigour!
The orb of fire seems to slow down.
You take 31 damage, and have 35/170 hp.
You now have 9/73 mp.
You feel yourself come back to life.
The red draconian knight hits your wraith with a great sword of holy wrath!!
Your wraith is destroyed!
The orb of fire glows yellow.
The bolt of fire hits you! You resist.
* * * LOW HITPOINT WARNING * * *
Your wraith misses the orb of fire. The golden dragon bites your wraith!!
The golden dragon claws your wraith. The golden dragon tramples your wraith!
Your wraith holds its ground!
You take 19 damage, and have 16/170 hp.
You feel much better. The red draconian knight misses you.
The orb of fire glows bright magenta.
The bolt of fire hits you! You resist.
You die...
Kikubaaqudgha rasps: "You have failed me!
Welcome... death!"

.§.###########...
#...............# #*............#
#.............# #..L........#
#...........# ##....pW.....##
#.....W.@.....# ##.....*Wq.....#
#......[.D).....#
###▓▓▓▓########.########
...........####.#################
..###............................
..).....<.....................###
.÷###.#..)....###......###.....#
..# #.#....≈..# #......# #.....#


You could see 2 orbs of fire, a Killer Klown, a red draconian knight, a golden
dragon, an ancient lich, a friendly freezing wraith and 2 friendly wraiths.

Notes
Turn   | Place    | Note
-------+----------+-------------------------------------------
     0 | D:1      | theanonym the Deep Elf Necromancer began the quest for the Orb.
     0 | D:1      | Reached XP level 1. HP: 10/10 MP: 6/6
    30 | D:1      | Reached skill level 5 in Necromancy
   421 | D:1      | Reached XP level 2. HP: 14/15 MP: 5/8
  1105 | D:2      | Reached skill level 6 in Necromancy
  1105 | D:2      | Reached XP level 3. HP: 11/19 MP: 2/9
  1256 | D:2      | Learned a level 3 spell: Vampiric Draining
  1691 | D:2      | Learned a level 3 spell: Regeneration
  1725 | D:2      | Reached XP level 4. HP: 24/24 MP: 8/10
  2194 | D:2      | Reached skill level 7 in Necromancy
  2857 | D:3      | HP: 12/24 [orc priest/nerve-wracking pain (9)]
  2861 | D:3      | Reached skill level 4 in Spellcasting
  2861 | D:3      | Reached XP level 5. HP: 7/28 MP: 1/13
  2887 | D:3      | Learned a level 4 spell: Animate Dead
  3258 | D:3      | HP: 11/28 [bullfrog (6)]
  3259 | D:3      | Reached skill level 5 in Spellcasting
  3474 | D:3      | Found an iron altar of Okawaru.
  3479 | D:3      | Reached XP level 6. HP: 31/32 MP: 12/15
  3699 | D:3      | Reached skill level 8 in Necromancy
  3769 | D:3      | Reached skill level 1 in Charms
  4794 | D:4      | Noticed Ijyb
  5013 | D:4      | Reached skill level 2 in Charms
  5037 | D:4      | HP: 15/32 [howler monkey (5)]
  5054 | D:3      | Learned a level 5 spell: Borgnjor's Vile Clutch
  5568 | D:5      | Entered Level 5 of the Dungeon
  5669 | D:4      | Reached skill level 1 in Earth Magic
  5677 | D:5      | Noticed an ice beast
  5845 | D:5      | Reached skill level 2 in Earth Magic
  5959 | D:5      | Reached skill level 3 in Earth Magic
  5959 | D:5      | Reached XP level 7. HP: 36/36 MP: 1/17
  6115 | D:5      | Found Deawig's Weapon Shoppe.
  6192 | D:5      | Found a shattered altar of Ashenzari.
  6201 | D:5      | Reached skill level 4 in Earth Magic
  6405 | D:5      | Reached skill level 5 in Earth Magic
  6540 | D:5      | Reached skill level 6 in Spellcasting
  6543 | D:5      | Reached XP level 8. HP: 40/41 MP: 5/19
  6629 | D:5      | Learned a level 3 spell: Ozocubu's Armour
  6973 | D:6      | HP: 15/41 [centaur/arrow (12)]
  6974 | D:6      | HP: 2/41 [centaur/arrow (13)]
  6975 | D:6      | Reached skill level 9 in Necromancy
  6975 | D:6      | Reached skill level 1 in Ice Magic
  7075 | D:6      | Reached skill level 3 in Charms
  7282 | D:6      | Found a glowing drain.
  7304 | Sewer    | Entered a sewer
  7619 | Sewer    | Reached skill level 2 in Ice Magic
  7785 | Sewer    | Got a crystal dagger
  7786 | Sewer    | Identified the +8 dagger of Naun {protect, rElec} (You found it in a sewer)
  8053 | D:6      | Noticed Menkaure
  8057 | D:6      | Killed Menkaure
  8057 | D:6      | Reached skill level 4 in Charms
  8057 | D:6      | Reached skill level 6 in Earth Magic
  8427 | D:6      | Reached skill level 3 in Ice Magic
  8680 | D:6      | Noticed Grinder
  8685 | D:6      | Killed Grinder
  8685 | D:6      | Reached skill level 1 in Fighting
  8685 | D:6      | Reached skill level 5 in Charms
  9214 | D:7      | Reached skill level 10 in Necromancy
  9214 | D:7      | Reached XP level 9. HP: 44/48 MP: 14/20
  9214 | D:7      | Reached skill level 2 in Fighting
  9313 | D:7      | Found a sand-covered staircase.
  9377 | Ossuary  | Entered an ossuary
  9595 | Ossuary  | Reached skill level 3 in Fighting
  9595 | Ossuary  | Reached skill level 7 in Spellcasting
 10012 | Ossuary  | Learned a level 4 spell: Throw Icicle
 10127 | Ossuary  | Reached skill level 3 in Dodging
 10592 | D:7      | Found a staircase to the Ecumenical Temple.
 10610 | Temple   | Entered the Ecumenical Temple
 10993 | D:7      | Reached skill level 4 in Fighting
 11177 | D:7      | Found an opulent altar of Gozag.
 11218 | D:7      | Found Qecuwk's Food Shop.
 11221 | D:7      | Reached skill level 8 in Spellcasting
 11248 | D:7      | Reached skill level 4 in Dodging
 11590 | D:7      | Learned a level 1 spell: Apportation
 11624 | D:8      | Noticed a two-headed ogre
 11632 | D:8      | Killed a two-headed ogre
 11632 | D:8      | Reached skill level 5 in Fighting
 11632 | D:8      | Reached skill level 6 in Dodging
 11632 | D:8      | Reached XP level 10. HP: 42/59 MP: 13/24
 11656 | D:8      | Killed Ijyb
 11854 | D:8      | Noticed a two-headed ogre
 11862 | D:8      | Killed a two-headed ogre
 12381 | D:8      | Reached skill level 7 in Dodging
 12836 | D:9      | Noticed a two-headed ogre
 12843 | D:9      | Killed a two-headed ogre
 12843 | D:9      | Reached skill level 6 in Fighting
 12843 | D:9      | Reached skill level 11 in Necromancy
 13102 | D:9      | Noticed Joseph
 13111 | D:9      | Killed Joseph
 13111 | D:9      | Reached skill level 8 in Dodging
 13753 | D:9      | Found a blossoming altar of Fedhas.
 13755 | D:9      | Found a deep blue altar of Sif Muna.
 13756 | D:9      | Found a shadowy altar of Dithmenos.
 13757 | D:9      | Found an ancient bone altar of Kikubaaqudgha.
 13758 | D:9      | Found a sparkling altar of Nemelex Xobeh.
 13761 | D:9      | Became a worshipper of Kikubaaqudgha
 13810 | D:10     | Entered Level 10 of the Dungeon
 13928 | D:10     | Noticed a two-headed ogre
 13933 | D:10     | Killed a two-headed ogre
 13991 | D:10     | Reached XP level 11. HP: 66/66 MP: 19/25
 14301 | D:10     | Reached skill level 7 in Fighting
 14309 | D:10     | Reached skill level 9 in Dodging
 14466 | D:10     | Reached skill level 12 in Necromancy
 14795 | D:10     | Reached * piety under Kikubaaqudgha
 14795 | D:10     | Identified Kikubaaqudgha's Compendium of Darkness {god gift} (Kikubaaqudgha gifted it to you on level 10 of the Dungeon)
 14795 | D:10     | Received a gift from Kikubaaqudgha
 14799 | D:10     | Learned a level 2 spell: Sublimation of Blood
 14866 | D:9      | You fall through a shaft for 2 floors!
 15089 | D:10     | Noticed a two-headed ogre
 15095 | D:10     | Reached skill level 1 in Conjurations
 15096 | D:10     | Killed a two-headed ogre
 15096 | D:10     | Reached skill level 3 in Conjurations
 15647 | D:11     | Reached skill level 4 in Conjurations
 15661 | D:10     | HP: 33/67 [porcupine (3)]
 15880 | D:11     | Noticed a green ugly thing
 15889 | D:11     | Killed a green ugly thing
 15889 | D:11     | Reached skill level 4 in Ice Magic
 15927 | D:11     | Noticed a seven-headed hydra
 15928 | D:11     | Noticed a green ugly thing
 15929 | D:11     | Noticed a two-headed ogre
 15931 | D:11     | Reached skill level 5 in Conjurations
 15935 | D:11     | Killed a two-headed ogre
 15938 | D:11     | Killed a seven-headed hydra
 15938 | D:11     | Reached skill level 10 in Dodging
 15938 | D:11     | Reached skill level 5 in Ice Magic
 15939 | D:11     | Killed a green ugly thing
 16076 | D:11     | HP: 24/68 [centaur/arrow (11)]
 16088 | D:11     | Reached ** piety under Kikubaaqudgha
 16287 | D:11     | Reached skill level 8 in Fighting
 16368 | D:11     | Reached XP level 12. HP: 68/73 MP: 7/26
 16500 | D:11     | Noticed a tengu warrior
 16504 | D:11     | Killed a tengu warrior
 16764 | D:11     | Found a staircase to the Lair.
 16918 | D:11     | Found a staircase to the Orcish Mines.
 16985 | D:11     | Reached *** piety under Kikubaaqudgha
 16985 | D:11     | Identified Kikubaaqudgha's Almanac of Dark Secrets {god gift} (Kikubaaqudgha gifted it to you on level 11 of the Dungeon)
 16985 | D:11     | Received a gift from Kikubaaqudgha
 17215 | D:11     | Reached skill level 11 in Dodging
 18135 | D:11     | Reached skill level 9 in Spellcasting
 18236 | D:11     | Noticed a three-headed hydra
 18242 | D:11     | Killed a three-headed hydra
 18324 | D:11     | Got a heavy robe {0}
 18335 | D:11     | Identified the +2 robe "Ynijisum" {Str+4 Int+3, 0} (You took it off a tengu warrior on level 11 of the Dungeon)
 18418 | Lair:1   | Entered Level 1 of the Lair of Beasts
 18551 | Lair:1   | Reached skill level 13 in Necromancy
 18582 | Lair:1   | Reached **** piety under Kikubaaqudgha
 18620 | Lair:1   | Reached skill level 10 in Spellcasting
 18633 | Lair:1   | Learned a level 6 spell: Simulacrum
 18779 | Lair:1   | Noticed a five-headed hydra
 18788 | Lair:1   | Killed a five-headed hydra
 18788 | Lair:1   | Reached skill level 9 in Fighting
 18996 | Lair:1   | Reached skill level 6 in Ice Magic
 19478 | Lair:1   | Noticed a seven-headed hydra
 19483 | Lair:1   | Killed a seven-headed hydra
 20175 | Lair:2   | Noticed a death yak
 20183 | Lair:2   | Noticed a death yak
 20186 | Lair:2   | Killed a death yak
 20186 | Lair:2   | Reached skill level 7 in Ice Magic
 20186 | Lair:2   | Reached XP level 13. HP: 80/80 MP: 6/29
 20266 | Lair:2   | HP: 40/80 [porcupine (10)]
 20275 | Lair:2   | HP: 32/80 [porcupine (10)]
 20280 | Lair:2   | HP: 25/80 [porcupine (8)]
 21020 | Lair:2   | Noticed Gastronok
 21027 | Lair:2   | Killed Gastronok
 21027 | Lair:2   | Reached skill level 8 in Ice Magic
 21461 | Lair:3   | Reached skill level 14 in Necromancy
 21762 | Lair:3   | Found a staircase to the Shoals.
 21859 | Lair:3   | Reached skill level 9 in Ice Magic
 22434 | Lair:3   | Got a crude robe {0}
 22751 | Lair:4   | Reached skill level 10 in Fighting
 22956 | Lair:4   | Found a hole to the Spider Nest.
 23347 | Lair:4   | Noticed Nergalle
 23352 | Lair:4   | Killed Nergalle
 23697 | Lair:5   | Reached skill level 10 in Ice Magic
 23848 | Lair:5   | HP: 30/82 [poisoned by a spiny frog]
 23855 | Lair:5   | HP: 39/82 [poisoned by a spiny frog]
 24272 | Lair:5   | Noticed Urug
 24280 | Lair:5   | Killed Urug
 24596 | Lair:6   | Entered Level 6 of the Lair of Beasts
 24692 | Lair:6   | Identified the +2 robe "Zionluzi" {rF+ rN+ MR- SInv, 0} (You found it on level 3 of the Lair of Beasts)
 24739 | Lair:6   | Reached ***** piety under Kikubaaqudgha
 24862 | Lair:6   | Reached skill level 15 in Necromancy
 24862 | Lair:6   | Reached skill level 12 in Dodging
 24892 | Lair:6   | Reached XP level 14. HP: 68/88 MP: 4/30
 24983 | Lair:6   | Reached skill level 11 in Spellcasting
 25608 | Lair:6   | Reached skill level 12 in Spellcasting
 25701 | Lair:6   | Reached skill level 13 in Dodging
 25860 | Lair:6   | Learned a level 5 spell: Dispel Undead
 25985 | Lair:6   | Noticed Josephine
 26007 | Lair:6   | Killed Josephine
 26207 | Lair:6   | Found a staircase to the Slime Pits.
 26208 | Lair:6   | Found a viscous altar of Jiyva.
 26753 | Orc:1    | Entered Level 1 of the Orcish Mines
 27292 | Orc:2    | Entered Level 2 of the Orcish Mines
 27366 | Orc:2    | Reached ****** piety under Kikubaaqudgha
 27372 | Orc:2    | Reached skill level 13 in Spellcasting
 27380 | Orc:2    | Learned a level 6 spell: Deflect Missiles
 27600 | Orc:2    | Reached skill level 1 in Air Magic
 27862 | Orc:2    | Reached skill level 2 in Air Magic
 28095 | Orc:2    | Reached skill level 3 in Air Magic
 28220 | Orc:2    | Iwannabefree: неправльно ты дядя федор некромансера билдишь
 28223 | Orc:2    | Iwannabefree: !stalk .
 28233 | Orc:2    | beem: Iwannabefree the L16 NaNe^Xom in Spider:2 (cxc tiles), T:28589, defenses: 17/11/0, stats: 14/22/15, >15 skills: Maces & Flails
 28245 | Orc:2    | Iwannabefree: вот так надо!
 28283 | Orc:2    | theanonym: В этот раз даже тёмный болт не выпал
 28365 | Orc:2    | Found a staircase to the Elven Halls.
 28713 | Orc:2    | Reached skill level 6 in Charms
 28713 | Orc:2    | Reached skill level 4 in Air Magic
 28714 | Orc:2    | Noticed an orc warlord
 29091 | Orc:2    | Killed an orc warlord
 29254 | Orc:2    | Found Zumabixtu's Magic Scroll Boutique.
 29262 | Orc:2    | Reached skill level 5 in Air Magic
 29331 | Orc:2    | Bought a scroll of identify for 32 gold pieces
 29331 | Orc:2    | Bought 2 scrolls of identify for 64 gold pieces
 29346 | Orc:2    | Found a roughly hewn altar of Beogh.
 29427 | Orc:2    | p0werm0de: jax!!
 29444 | Orc:2    | Noticed a stone giant
 29444 | Orc:2    | p0werm0de: look my p0wer!!
 29445 | Orc:2    | p0werm0de: !lg . -log
 29445 | Orc:2    | beem: 10647. p0werm0de, XL22 DDFi, T:18177: http://crawl.xtahua.com/crawl/morgue/p0werm0de/morgue-p0werm0de-20171230-170907.txt
 29447 | Orc:2    | p0werm0de: you proud of my nerdiness?
 29449 | Orc:2    | Killed a stone giant
 29449 | Orc:2    | Reached skill level 14 in Dodging
 29449 | Orc:2    | Reached skill level 7 in Charms
 29788 | Orc:2    | Found Letifur's Weapon Shop.
 29922 | Orc:2    | Found a roughly hewn altar of Beogh.
 29933 | Orc:2    | Found Xiofra Qohas's Assorted Antiques.
 30030 | Orc:2    | Bought a potion of curing for 54 gold pieces
 30030 | Orc:2    | Bought a scroll of identify for 36 gold pieces
 30066 | Orc:2    | Reached XP level 15. HP: 92/92 MP: 20/34
 30353 | Orc:2    | Found Fecolit's Antique Armour Shoppe.
 30359 | Orc:2    | Reached skill level 8 in Charms
 30485 | Orc:2    | Bought a faintly humming hat for 261 gold pieces
 30495 | Orc:2    | Identified the +2 hat of the Five Queens {rCorr MP+9} (You bought it in a shop on level 2 of the Orcish Mines)
 30810 | Orc:2    | Bought 2 throwing nets for 90 gold pieces
 31894 | D:13     | Reached skill level 9 in Charms
 32054 | D:13     | Found a gate to the Vaults.
 32172 | D:13     | theanonym: Мда если кику на даёт болт это вообще жопа
 33038 | D:14     | Noticed Azrael
 33061 | D:14     | Killed Azrael
 33211 | D:14     | Reached skill level 14 in Spellcasting
 33251 | D:14     | Noticed Kirke
 33256 | D:14     | Reached skill level 15 in Dodging
 33260 | D:14     | Noticed a sphinx
 33260 | D:14     | Killed Kirke
 33643 | D:14     | Learned a level 4 spell: Cause Fear
 33784 | D:15     | Entered Level 15 of the Dungeon
 33787 | D:15     | Reached skill level 1 in Hexes
 33807 | D:15     | Reached skill level 2 in Hexes
 33989 | D:15     | Reached skill level 3 in Hexes
 33998 | D:15     | Reached skill level 4 in Hexes
 34025 | D:15     | Reached skill level 5 in Hexes
 34458 | D:15     | Found a staircase to the Depths.
 34636 | D:15     | Noticed Nessos
 34644 | D:15     | Killed Nessos
 34644 | D:15     | Reached skill level 7 in Earth Magic
 35056 | D:15     | Received a gift from Kikubaaqudgha
 35252 | Spider:1 | Entered Level 1 of the Spider Nest
 35385 | Spider:1 | Reached skill level 15 in Spellcasting
 35429 | Spider:1 | Noticed Rupert
 35438 | Spider:1 | Killed Rupert
 35473 | Spider:1 | Noticed Donald
 35481 | Spider:1 | Killed Donald
 35481 | Spider:1 | Reached XP level 16. HP: 43/97 MP: 37/37
 35710 | Spider:1 | Paralysed by a hornet for 3 turns
 35748 | Spider:1 | Reached skill level 16 in Spellcasting
 35880 | Spider:1 | Learned a level 8 spell: Infestation
 36020 | Spider:1 | Reached skill level 16 in Necromancy
 36807 | Spider:3 | Noticed Arachne
 36811 | Spider:3 | Reached skill level 17 in Necromancy
 36815 | Spider:3 | Killed Arachne
 36839 | Spider:3 | Noticed Jorgrun
 36842 | Spider:3 | Killed Jorgrun
 36848 | Spider:3 | Noticed Louise
 36851 | Spider:3 | Killed Louise
 36855 | Spider:3 | Noticed Aizul
 36857 | Spider:3 | Killed Aizul
 36860 | Spider:3 | Noticed Bai Suzhen
 36867 | Spider:3 | Killed Bai Suzhen
 36867 | Spider:3 | Reached skill level 18 in Necromancy
 37075 | Spider:3 | Got a brightly glowing zirconium amulet
 37340 | Spider:3 | Identified the amulet "Fadagy" {Gourm rF++ Int-5 Dex+4} (You found it on level 3 of the Spider Nest)
 37348 | Spider:4 | Entered Level 4 of the Spider Nest
 37351 | Spider:4 | HP: 47/97 [poisoned by a wolf spider]
 37356 | Spider:4 | HP: 41/97 [poisoned by a wolf spider]
 37361 | Spider:4 | HP: 43/97 [poisoned by a wolf spider]
 37366 | Spider:4 | HP: 47/97 [poisoned by a wolf spider]
 37442 | Spider:4 | HP: 37/97 [poisoned by a redback]
 37447 | Spider:4 | HP: 41/97 [poisoned by a redback]
 37452 | Spider:4 | HP: 48/97 [poisoned by a redback]
 37458 | Spider:4 | HP: 47/97 [poisoned by a redback]
 37474 | Spider:4 | Reached skill level 19 in Necromancy
 37505 | Spider:4 | Got a gossamer rune of Zot
 37885 | Spider:4 | HP: 39/97 [redback (13)]
 38272 | Shoals:1 | Entered Level 1 of the Shoals
 38313 | Shoals:1 | Reached XP level 17. HP: 69/102 MP: 39/39
 38987 | Shoals:2 | HP: 48/102 [snapping turtle (13)]
 39135 | Shoals:2 | Noticed Roxanne
 39141 | Shoals:2 | Reached skill level 20 in Necromancy
 39141 | Shoals:2 | Killed Roxanne
 39221 | Shoals:2 | Reached skill level 17 in Spellcasting
 39782 | Shoals:3 | Found a frozen archway.
 39874 | IceCv    | Entered an ice cave
 40001 | IceCv    | Got a pair of shimmering gloves
 40012 | IceCv    | Identified the cursed -1 pair of gloves of the Evening {rElec MP+9 Str-4 Dex+5} (You found it in an ice cave)
 40304 | Shoals:3 | Identified 3 scrolls of acquirement
 40305 | Shoals:3 | Identified Cosi Moir's Grimoire of Unholy Rituals (You acquired it on level 3 of the Shoals)
 40473 | Shoals:3 | Reached skill level 18 in Spellcasting
 40480 | Shoals:3 | Learned a level 5 spell: Bolt of Draining
 40665 | Shoals:3 | Found a shimmering altar of Xom.
 40737 | Shoals:3 | Reached skill level 6 in Conjurations
 40858 | Shoals:4 | Entered Level 4 of the Shoals
 40858 | Shoals:4 | Noticed a kraken
 40858 | Shoals:4 | Noticed a kraken
 40858 | Shoals:4 | Noticed a kraken
 40858 | Shoals:4 | Noticed a kraken
 40866 | Shoals:4 | HP: 45/102 [tentacle[a kraken] (10)]
 40944 | Shoals:4 | Noticed Ilsuiw
 40959 | Shoals:4 | Killed Ilsuiw
 40972 | Shoals:4 | HP: 26/102 [merfolk javelineer/javelin (26)]
 40975 | Shoals:4 | Reached skill level 7 in Conjurations
 41264 | Shoals:4 | Got a barnacled rune of Zot
 41317 | Shoals:4 | Reached skill level 8 in Conjurations
 41492 | Shoals:4 | Identified the +3 dagger "Fyekokou" {pain, SInv} (You took it off a merfolk siren on level 4 of the Shoals)
 41719 | Shoals:4 | Reached skill level 9 in Conjurations
 41926 | Shoals:4 | Killed a kraken
 42006 | Shoals:4 | Killed a kraken
 42082 | Shoals:4 | Killed a kraken
 42082 | Shoals:4 | Reached skill level 8 in Earth Magic
 42082 | Shoals:4 | Reached XP level 18. HP: 108/108 MP: 42/42
 42457 | Shoals:4 | Reached skill level 10 in Conjurations
 43038 | Elf:1    | Entered Level 1 of the Elven Halls
 43055 | Elf:1    | Reached skill level 9 in Earth Magic
 43367 | Elf:1    | Reached skill level 10 in Earth Magic
 43371 | Elf:1    | Reached skill level 19 in Spellcasting
 43433 | Elf:1    | Found Exoudiu's Gadget Boutique.
 43828 | Elf:1    | Noticed Agnes
 43828 | Elf:1    | Reached skill level 11 in Fighting
 43834 | Elf:1    | Killed Agnes
 44088 | Orc:2    | Bought a scroll of amnesia for 56 gold pieces
 44185 | Elf:2    | Found a runed gate.
 44274 | Elf:2    | Found a runed gate.
 44275 | Elf:2    | Found a runed gate.
 44473 | Elf:2    | Found Zucul's Weapon Boutique.
 44492 | Elf:2    | Found a deep blue altar of Sif Muna.
 45038 | Elf:2    | Reached skill level 20 in Spellcasting
 45248 | Vaults:1 | Entered Level 1 of the Vaults
 45577 | Vaults:1 | Reached skill level 12 in Fighting
 45607 | Vaults:1 | Reached XP level 19. HP: 89/116 MP: 25/45
 46088 | Vaults:1 | Found Paykhurgh's Weapon Emporium.
 46829 | Vaults:1 | Reached skill level 21 in Spellcasting
 46845 | Vaults:1 | Learned a level 8 spell: Necromutation
 46936 | Vaults:1 | Reached skill level 1 in Transmutations
 47006 | Vaults:1 | Reached skill level 2 in Transmutations
 47237 | Vaults:2 | Reached skill level 13 in Fighting
 47260 | Vaults:2 | Reached skill level 3 in Transmutations
 47361 | Vaults:2 | Reached skill level 4 in Transmutations
 47793 | Vaults:2 | Reached skill level 5 in Transmutations
 48737 | Vaults:2 | Reached skill level 6 in Transmutations
 49870 | Vaults:3 | Found a staircase to the Crypt.
 50031 | Vaults:3 | Reached skill level 22 in Spellcasting
 50035 | Vaults:3 | Learned a level 2 spell: Blink
 50334 | Vaults:3 | Reached XP level 20. HP: 125/125 MP: 48/48
 51293 | Vaults:4 | Reached skill level 7 in Transmutations
 51561 | Vaults:4 | Reached skill level 8 in Transmutations
 51713 | Vaults:4 | Reached skill level 14 in Fighting
 52508 | Vaults:4 | Found a radiant altar of Vehumet.
 52511 | Vaults:4 | Reached skill level 9 in Transmutations
 52518 | Vaults:4 | Identified the cursed +1 robe of the Hippo {-Tele rCorr Int+3 Dex+2, 0} (You found it on level 4 of the Vaults)
 52523 | Vaults:4 | Got a bloodstained hat
 52524 | Vaults:4 | Identified the cursed +0 hat of the Lost Path {rPois Dex+7} (You found it on level 4 of the Vaults)
 52647 | Crypt:1  | Entered Level 1 of the Crypt
 52890 | Crypt:1  | HP: 59/127 [juggernaut skeleton (13)]
 53185 | Crypt:1  | Learned a level 6 spell: Iron Shot
 53211 | Crypt:1  | Paralysed by a vampire knight for 4 turns
 53216 | Crypt:1  | Reached skill level 1 in Shields
 53351 | Crypt:1  | Reached skill level 2 in Shields
 53454 | Crypt:1  | Noticed Aviak's ghost (veteran GnBe)
 53555 | Crypt:1  | Killed Aviak's ghost
 53555 | Crypt:1  | Reached skill level 3 in Shields
 54390 | Crypt:2  | Reached skill level 4 in Shields
 54934 | Crypt:2  | Reached skill level 10 in Transmutations
 55362 | Crypt:2  | Reached XP level 21. HP: 132/132 MP: 22/49
 55494 | Crypt:2  | Found a runed gate.
 55494 | Crypt:2  | Found a runed gate.
 55494 | Crypt:2  | Found a runed gate.
 56007 | Crypt:2  | Reached skill level 23 in Spellcasting
 56500 | Elf:3    | Entered Level 3 of the Elven Halls
 56504 | Elf:3    | Reached skill level 15 in Fighting
 57350 | Elf:3    | Reached skill level 5 in Shields
 57782 | Elf:3    | Reached skill level 6 in Shields
 58049 | Elf:3    | Got a clouded turquoise ring
 58072 | Elf:3    | Identified the ring "Rucsu" {MP+9 Str+7 SInv} (You took it off a deep elf sorcerer on level 3 of the Elven Halls)
 58337 | Elf:3    | Got a translucent lapis lazuli ring
 58416 | Elf:3    | Got a distressingly furry cloak
 58417 | Elf:3    | Identified the +4 cloak "Nuwyih" {rC++ Str+2} (You found it on level 3 of the Elven Halls)
 58418 | Elf:3    | Identified the ring "Maet Ewk" {rF+ rC+ Int+2} (You took it off a deep elf demonologist on level 3 of the Elven Halls)
 58432 | Elf:3    | Identified Sif Muna's Disquisition on Helpful Heat
 58453 | Elf:3    | Identified Sif Muna's Almanac of Mutagenic Evil
 58685 | Elf:3    | Reached skill level 7 in Shields
 58688 | Elf:3    | Reached skill level 24 in Spellcasting
 59346 | Crypt:3  | Entered Level 3 of the Crypt
 59347 | Crypt:3  | Wingboner: О, уже негромутация.
 59347 | Crypt:3  | Wingboner: Неблохо.
 59608 | Crypt:3  | theanonym: Давно
 59769 | Crypt:3  | Wingboner: А, ты негромант по основе.
 59776 | Crypt:3  | Wingboner: Я думал, что девятка тоже есть.
 59795 | Crypt:3  | Found an ancient bone altar of Kikubaaqudgha.
 60040 | Crypt:3  | Reached skill level 8 in Shields
 60374 | Crypt:3  | theanonym: !lg . -2
 60374 | Crypt:3  | beem: 499/500. theanonym the Lord of Darkness (L27 DENe of Kikubaaqudgha), slain by an ancient champion (a +3 great sword) on Tomb:3 (tomb_3) on 2017-12-30 12:31:09, with 669262 points after 84219 turns and 7:52:11.
 60374 | Crypt:3  | theanonym: Прошлая попытка
 60374 | Crypt:3  | theanonym: !lg . -2 -log
 60374 | Crypt:3  | beem: 499/500. theanonym, XL27 DENe, T:84219: http://crawl.xtahua.com/crawl/morgue/theanonym/morgue-theanonym-20171230-123109.txt
 60425 | Crypt:3  | Noticed Khufu
 60426 | Crypt:3  | Wingboner: А я для теста рук просто создал атеиста, добежал уровня примерно до двенадцатого и дропнул.
 60429 | Crypt:3  | Reached XP level 22. HP: 140/140 MP: 19/52
 60433 | Crypt:3  | Killed Khufu
 60588 | Crypt:3  | Found a staircase to the Tomb.
 60638 | Crypt:3  | Identified the Handbook of Black Rites
 61114 | Crypt:3  | Reached skill level 9 in Shields
 61300 | Crypt:3  | Identified the Compendium of the Warrior-Mage
 61354 | Crypt:3  | Wingboner: !lg theanonym today s=char,god,xl
 61354 | Crypt:3  | beem: 3 games for theanonym (today): 2x DENe ((2), Kikubaaqudgha (27)), DrTm ((4))
 61455 | Crypt:3  | Reached skill level 25 in Spellcasting
 61460 | Crypt:3  | Found the +0 pair of fencer's gloves {+Riposte Dex+3}
 61480 | Crypt:3  | Wingboner: Хех, андедхантер. Жаль, что этому чару нинужен.
 61488 | Crypt:3  | Learned a level 7 spell: Haunt
 61813 | Depths:1 | Entered Level 1 of the Depths
 62078 | Depths:1 | Found a gateway to a ziggurat.
 62126 | Depths:1 | Reached skill level 10 in Shields
 62190 | Depths:1 | Found a gateway to Hell.
 62296 | Depths:1 | Reached skill level 11 in Shields
 63247 | Depths:2 | Reached skill level 12 in Shields
 63302 | Depths:2 | Wingboner: У тебя какие вообще планы? На голой некре 15?
 63457 | Depths:2 | theanonym: 5\
 63596 | Depths:2 | Wingboner: ПЯТИРУНЩИК-ДЕГЕНЕРАТ!!11
 64183 | Depths:2 | Reached skill level 13 in Shields
 64187 | Depths:2 | Identified the +2 robe of Supple Strength {Stlth+} (You found it on level 2 of the Depths)
 64512 | Depths:2 | Reached XP level 23. HP: 144/144 MP: 42/54
 64627 | Depths:2 | Noticed an ancient lich
 64628 | Depths:2 | Reached skill level 1 in Summonings
 64630 | Depths:2 | Killed an ancient lich
 64630 | Depths:2 | Reached skill level 2 in Summonings
 64695 | Depths:2 | Found an ancient bone altar of Kikubaaqudgha.
 64721 | Depths:2 | Reached skill level 3 in Summonings
 65005 | Depths:2 | Reached skill level 4 in Summonings
 65341 | Depths:2 | Reached skill level 5 in Summonings
 66377 | Depths:3 | Reached skill level 6 in Summonings
 66620 | Depths:3 | Upgraded the game from 0.21-a0-641-geef9d7f to 0.22-a0
 66725 | Depths:3 | Reached skill level 14 in Shields
 66726 | Depths:3 | Noticed Mara
 66866 | Depths:3 | Killed Mara
 66866 | Depths:3 | Reached skill level 7 in Summonings
 67031 | Depths:3 | HP: 72/144 [deep troll shaman (15)]
 67263 | Depths:3 | Reached skill level 8 in Summonings
 67561 | Depths:3 | Reached skill level 9 in Summonings
 68386 | Depths:3 | Found a one-way gate leading to the halls of Pandemonium.
 68539 | Depths:3 | Reached skill level 10 in Summonings
 68885 | Depths:4 | Reached skill level 15 in Shields
 69054 | Depths:4 | Reached skill level 11 in Earth Magic
 69062 | Depths:4 | Reached XP level 24. HP: 150/150 MP: 1/54
 69242 | Depths:4 | Learned a level 2 spell: Swiftness
 69397 | Depths:4 | Found a one-way gate to the infinite horrors of the Abyss.
 69440 | Depths:4 | HP: 73/150 [spriggan air mage/the air (5)]
 69551 | Depths:4 | Reached skill level 11 in Conjurations
 69666 | Depths:4 | Reached skill level 12 in Earth Magic
 69967 | Depths:4 | Found Erisad's Gadget Shop.
 69967 | Depths:4 | Found Xiluppi's Jewellery Shoppe.
 69968 | Depths:4 | Found Ypuidd's Gadget Shop.
 69993 | Depths:4 | Reached skill level 1 in Evocations
 70228 | Depths:4 | Reached skill level 2 in Evocations
 70247 | Depths:4 | Reached skill level 13 in Earth Magic
 70434 | Depths:4 | Reached skill level 3 in Evocations
 70510 | Depths:4 | Iwannabefree: зе аноним
 70511 | Depths:4 | Iwannabefree: учиш фаершторм?
 70678 | Depths:4 | Iwannabefree: #
 70678 | Depths:4 | theanonym: Я не хочу на 15 рун
 70700 | Depths:4 | Reached skill level 4 in Evocations
 70705 | Depths:4 | Reached skill level 12 in Conjurations
 70845 | Depths:4 | Iwannabefree: ну хоть айроншот
 70847 | Depths:4 | Iwannabefree: 15 нинужны
 70847 | Depths:4 | theanonym: Нашёл да
 70847 | Depths:4 | Iwannabefree: главное в тумбу не лезь
 70847 | Depths:4 | theanonym: Ранний томб это единственная причина по которой с кику играют
 70953 | Depths:5 | Entered Level 5 of the Depths
 70954 | Depths:5 | Iwannabefree: L U L
 70954 | Depths:5 | Iwannabefree: ;D
 70956 | Depths:5 | Iwannabefree: ;D;D
 70957 | Depths:5 | Iwannabefree: rofel
 70960 | Depths:5 | Iwannabefree: раньше это могло быть правдой
 70966 | Depths:5 | Iwannabefree: но не сейчас когда в тумбу без тсо хуй зайдешь
 70978 | Depths:4 | Iwannabefree: а вообще я раньше часто делал тумбу третьей если было торнадо и сало
 70981 | Depths:4 | Iwannabefree: лан съебу к ебе
 71222 | Depths:5 | Reached skill level 14 in Earth Magic
 71228 | Depths:5 | tidbits: !lg .
 71235 | Depths:5 | beem: 1644. tidbits the Gnoll Aeon (L27 GnEE of Cheibriados), escaped with the Orb and 15 runes on 2017-12-31 06:12:20, with 53989256 points after 26840 turns and 12:05:11.
 71240 | Depths:5 | tidbits: \o/
 71244 | Depths:5 | Reached skill level 5 in Evocations
 71674 | Depths:5 | Reached skill level 6 in Evocations
 71823 | Depths:5 | Reached skill level 15 in Earth Magic
 72071 | Depths:5 | Reached skill level 13 in Conjurations
 72120 | Depths:5 | Reached skill level 7 in Evocations
 72321 | Depths:5 | Found a shattered altar of Ashenzari.
 72463 | Depths:5 | Found a runed door.
 72463 | Depths:5 | Found a runed door.
 72881 | Depths:5 | Found a runed door.
 72881 | Depths:5 | Found a runed door.
 72932 | Depths:5 | Reached skill level 8 in Evocations
 72987 | Depths:5 | Reached skill level 16 in Earth Magic
 73198 | Depths:5 | Found a runed door.
 73198 | Depths:5 | Found a runed door.
 73331 | Depths:5 | Found a gate to the Realm of Zot.
 73467 | Depths:5 | Reached XP level 25. HP: 155/155 MP: 36/54
 73941 | Vaults:5 | Entered Level 5 of the Vaults
 73947 | Vaults:5 | Reached skill level 9 in Evocations
 73949 | Vaults:5 | Reached skill level 14 in Conjurations
 73960 | Vaults:5 | Noticed an ancient lich
 74059 | Vaults:5 | Noticed an ancient lich
 74066 | Vaults:5 | Killed an ancient lich
 74066 | Vaults:5 | Reached skill level 10 in Evocations
 74210 | Vaults:5 | Found Uvaumape's Assorted Antiques.
 74252 | Vaults:5 | Bought a scroll of blinking for 270 gold pieces
 74329 | Vaults:5 | Reached skill level 11 in Evocations
 74477 | Vaults:5 | Killed an ancient lich
 74559 | Vaults:5 | Reached skill level 12 in Evocations
 74727 | Vaults:5 | Reached skill level 15 in Conjurations
 74982 | Vaults:5 | Reached skill level 13 in Evocations
 75658 | Vaults:5 | Identified the Incunabulum of the Frostbite
 75747 | Vaults:5 | Reached skill level 14 in Evocations
 75978 | Vaults:5 | Got a silver rune of Zot
 76108 | Vaults:5 | Learned a level 5 spell: Aura of Abjuration
 76642 | Zot:1    | Entered Level 1 of the Realm of Zot
 76855 | Zot:1    | Reached XP level 26. HP: 155/160 MP: 10/54
 77006 | Zot:1    | Reached skill level 16 in Conjurations
 77336 | Zot:1    | Reached skill level 15 in Evocations
 79285 | Zot:2    | Reached skill level 17 in Conjurations
 79510 | Zot:2    | Reached skill level 16 in Evocations
 79951 | Zot:2    | Reached skill level 16 in Fighting
 81191 | Zot:3    | Reached skill level 18 in Conjurations
 81245 | Zot:3    | Reached XP level 27. HP: 169/169 MP: 54/54
 81820 | Zot:4    | Noticed Lanoc's ghost (legendary MiMo)
 81826 | Zot:4    | Killed Lanoc's ghost
 82014 | Zot:4    | Reached skill level 26 in Spellcasting
 82023 | Zot:4    | Learned a level 6 spell: Invisibility
 82222 | Zot:4    | Reached skill level 17 in Evocations
 82829 | Zot:5    | Entered Level 5 of the Realm of Zot
 83613 | Zot:5    | HP: 83/170 [red draconian] (5)]
 83803 | Zot:5    | Noticed an orb of fire
 83813 | Zot:5    | Noticed an ancient lich
 83813 | Zot:5    | HP: 65/170 [orb of fire/fireball (23)]
 83816 | Zot:5    | HP: 16/170 [orb of fire/bolt of fire (20)]
 83817 | Zot:5    | Killed from afar by an orb of fire

Vanquished Creatures
  2 ancient liches
  The ghost of Lanoc the Executioner, a legendary MiMo of Trog (Zot:4)
  2 curse toes
  15 golden dragons
  The ghost of Aviak the Marksgnoll, a veteran GnBe of Trog (Crypt:1)
  3 bone dragons
  7 electric golems
  11 tentacled monstrosities
  7 liches
  4 Orb Guardians (Zot:5)
  A quicksilver dragon (shapeshifter) (Vaults:4)
  2 deep elf blademasters (Elf:3)
  6 titans
  2 deep elf master archers (Elf:3)
  5 quicksilver dragons
  4 krakens (Shoals:4)
  2 sphinxes
  9 death cobs
  Kirke (D:14)
  4 ancient champions
  23 storm dragons
  2 draconian monks
  5 tengu reavers
  10 shadow dragons
  Donald (Spider:1)
  2 revenants (Crypt:2)
  4 draconian knights
  Ilsuiw (Shoals:4)
  14 fire giants
  2 draconian scorchers
  6 deep elf sorcerers
  9 frost giants
  3 ghost moths (Zot:5)
  An iron dragon (shapeshifter) (Vaults:5)
  2 iron dragons
  13 vault wardens
  2 orc warlords
  A curse skull (Crypt:1)
  5 draconian annihilators
  6 deep elf elementalists
  14 ironheart preservers
  A caustic shrike zombie (Depths:2)
  6 ghouls
  11 very ugly things
  12 stone giants
  A caustic shrike skeleton (Depths:2)
  3 draconian shifters
  2 war gargoyles (Vaults:5)
  5 vampire knights
  6 reapers
  A juggernaut skeleton (Crypt:1)
  3 draconian stormcallers
  Nessos (D:15)
  5 deep elf demonologists
  13 green draconians
  9 black draconians
  An entropy weaver (Vaults:1)
  9 deep elf annihilators
  8 purple draconians
  9 white draconians
  7 red draconians
  2 eidola
  5 spark wasps
  15 ettins
  5 merfolk javelineers (Shoals:4)
  14 yellow draconians
  8 fire dragons
  9 deep elf death magi
  3 merfolk impalers
  A quicksilver dragon zombie (Depths:2)
  A mummy priest (Crypt:3)
  13 yaktaur captains
  Josephine (Lair:6)
  16 jiangshi
  13 great orbs of eyes
  26 vault guards
  9 deep elf high priests
  7 hydras
  2 rakshasas
  2 death knights (Crypt:3)
  13 ice dragons
  8 centaur warriors
  2 spriggan air magi
  3 merfolk aquamancers
  A spectral fire giant (Crypt:3)
  3 merfolk avatars
  An anaconda (shapeshifter) (Depths:4)
  36 two-headed ogres
  8 ogre magi
  4 death yaks
  15 dancing weapons
  13 deep troll earth magi
  A satyr (Shoals:4)
  8 vampire magi
  A hell hog (Depths:1)
  Urug (Lair:5)
  5 tengu warriors
  11 deep troll shamans
  4 orc high priests (Orc:2)
  A shock serpent (shapeshifter) (Depths:4)
  14 deep elf knights
  2 fire crabs (shapeshifter)
  12 hell knights (Depths:1)
  Nergalle (Lair:4)
  A storm dragon zombie (Depths:2)
  4 shadow wraiths
  2 spriggan berserkers
  28 skeletal warriors
  3 soul eaters
  A sixfirhy (Depths:3)
  A titan skeleton (Depths:2)
  3 iron trolls
  2 golden dragon zombies
  4 unseen horrors
  3 glowing orange brains
  6 sea snakes
  11 flayed ghosts
  50 deep trolls
  A quicksilver dragon simulacrum (Depths:3)
  A glowing orange brain (shapeshifter) (Depths:2)
  A tengu zombie (Depths:2)
  A deep troll (shapeshifter) (Elf:2)
  14 deep elf archers
  A golden dragon skeleton (Depths:3)
  A sphinx zombie (Depths:2)
  3 wizards (Vaults:4)
  7 phantasmal warriors
  9 necromancers
  A shadow dragon zombie (Crypt:2)
  15 harpies
  45 deep elf magi
  8 orc sorcerers
  2 large abominations (Crypt:3)
  6 orb spiders
  2 ironbrand convokers
  10 wolf spiders
  3 wolf spider zombies
  A salamander (Depths:5)
  A shadow dragon skeleton (Depths:2)
  24 ugly things
  12 orc knights
  A stone giant zombie (Depths:2)
  3 frost giant zombies
  5 fauns
  23 moths of wrath
  7 cyclopes
  8 manticores
  A salamander (shapeshifter) (Depths:2)
  11 merfolk sirens
  An elephant (Lair:4)
  A frost giant skeleton (Depths:2)
  Joseph (D:9)
  A rust devil (Depths:3)
  2 torpor snails
  5 water nymphs
  6 black mambas
  A naga mage (Vaults:4)
  4 fire giant skeletons
  A smoke demon (Depths:2)
  3 ice statues
  6 vault sentinels
  A stone giant skeleton (Crypt:1)
  A gargoyle (D:13)
  A titan simulacrum (Vaults:3)
  A kobold demonologist (D:13)
  18 yaktaurs
  15 spiny frogs
  An elf zombie (Vaults:5)
  2 rime drakes (Lair:6)
  5 komodo dragons
  A black draconian skeleton (Crypt:2)
  An efreet (D:14)
  A demonic crawler (Spider:1)
  3 hellwings (Depths:4)
  A red devil (Depths:2)
  3 freezing wraiths
  A komodo dragon (shapeshifter) (Vaults:4)
  A hydra zombie (Crypt:3)
  13 ice devils
  5 guardian mummies (Crypt:3)
  16 merfolk
  9 trolls
  16 jumping spiders
  A shadow dragon simulacrum (Depths:2)
  A hornet (shapeshifter) (Depths:2)
  Grinder (D:6)
  3 tyrant leeches (Lair:6)
  A sphinx simulacrum (Depths:2)
  10 hornets
  A harpy skeleton (Crypt:1)
  4 bog bodies (Crypt:1)
  A satyr zombie (Crypt:1)
  2 ettin zombies (Depths:2)
  16 blink frogs
  A hippogriff (shapeshifter) (Depths:3)
  A wind drake (Shoals:4)
  9 dream sheep
  8 slime creatures
  10 hippogriffs
  6 snapping turtles
  2 frost giant simulacra (Depths:2)
  24 redbacks
  40 flying skulls
  A tarantella (shapeshifter) (Depths:2)
  2 spriggan zombies (Depths:2)
  A vampire (D:15)
  4 wyverns
  7 wraiths
  4 shadows
  A spriggan skeleton (Depths:2)
  5 spriggans
  12 water elementals
  2 air elementals
  49 yaks
  3 hogs (D:14)
  9 tarantellas
  2 steam dragons
  A basilisk (shapeshifter) (Vaults:1)
  A human (shapeshifter) (Elf:2)
  A golden eye (shapeshifter) (Vaults:3)
  3 fire elementals
  A hungry ghost (D:12)
  2 basilisks
  A steam dragon (shapeshifter) (Depths:4)
  7 vampire mosquitoes
  2 elf simulacra
  2 human simulacra
  Menkaure (D:6)
  A deep troll zombie (Vaults:5)
  A merfolk zombie (Crypt:1)
  3 wargs
  A spiny frog zombie (Crypt:2)
  A swamp worm (shapeshifter) (Vaults:5)
  A soldier ant (D:12)
  4 acid dragons
  6 water moccasins
  12 hell hounds
  A floating eye (shapeshifter) (Vaults:2)
  11 porcupines
  A deep troll skeleton (Crypt:1)
  An eye of draining (D:14)
  2 black bears (D:11)
  An eye of draining (shapeshifter) (D:15)
  5 ice beasts
  53 orc warriors
  3 necrophages
  35 ogres
  4 sky beasts
  3 phantoms
  An ettin simulacrum (Vaults:3)
  7 boggarts
  21 centaurs
  3 wolves (D:11)
  A blink frog skeleton (Crypt:2)
  A hog skeleton (Crypt:2)
  3 small abominations
  7 crocodiles
  3 big kobolds (D:11)
  24 bullfrogs
  2 glowing shapeshifter simulacra (Depths:2)
  3 elf skeletons
  A wyvern zombie (D:13)
  4 earth elementals
  A water moccasin zombie (D:6)
  12 scorpions
  12 wights
  6 killer bees
  A howler monkey (D:4)
  3 electric eels
  A wolf skeleton (Crypt:2)
  9 crimson imps
  3 human zombies
  27 orc priests
  4 centaur skeletons
  3 quasits
  3 centaur zombies
  4 bullfrog skeletons
  2 gnoll shamans
  9 hounds
  20 orc wizards
  3 iguanas
  11 worker ants
  Ijyb (D:8)
  2 human skeletons
  2 big kobold zombies (Ossuary)
  A killer bee zombie (D:10)
  A hound zombie (D:9)
  4 mummies
  A howler monkey zombie (D:7)
  11 gnolls
  18 adders
  A river rat (D:6)
  A scorpion zombie (Ossuary)
  6 shadow imps
  5 white imps
  10 ufetubi
  2 oozes
  4 adder skeletons
  A halfling skeleton (Crypt:2)
  2 worms (D:2)
  3 dart slugs
  3 leopard geckos
  111 orcs
  3 ball pythons
  5 bats
  3 giant cockroaches
  6 goblins
  6 hobgoblins
  18 jackals
  6 kobolds
  4 quokkas
  13 frilled lizards
  A gnoll skeleton (Crypt:1)
  3 gnoll zombies (Ossuary)
  A goblin zombie (Ossuary)
  4 hobgoblin zombies
  A jackal zombie (D:7)
  3 kobold zombies (Ossuary)
  An orc skeleton (D:7)
  2 orc zombies
  5 rats
  6 fungi
  28 plants
  12 tentacles (Shoals:4)
2095 creatures vanquished.

Vanquished Creatures (collateral kills)
  Khufu (Crypt:3)
  Mara (Depths:3)
  An ancient lich (Vaults:5)
  Bai Suzhen (Spider:3)
  A profane servitor (Crypt:3)
  3 golden dragons
  Arachne (Spider:3)
  An electric golem (Zot:5)
  A Tzitzimitl (Depths:2)
  Jorgrun (Spider:3)
  Rupert (Spider:1)
  A tentacled monstrosity (Depths:4)
  A titan (Depths:3)
  Gastronok (Lair:2)
  An ancient champion (Crypt:3)
  Roxanne (Shoals:2)
  A draconian monk (Zot:2)
  2 shadow dragons
  2 revenants
  2 tengu reavers
  Agnes (Elf:1)
  2 fire giants
  A deep elf sorcerer (Elf:1)
  A draconian scorcher (Zot:2)
  3 ghost moths (Spider:4)
  A balrug (Depths:3)
  5 frost giants
  Louise (Spider:3)
  A vault warden (Vaults:5)
  9 emperor scorpions
  Aizul (Spider:3)
  A deep elf elementalist (Elf:3)
  4 ironheart preservers
  4 stone giants
  8 very ugly things
  4 ghouls (Crypt:2)
  A reaper (Crypt:2)
  A spriggan defender (Depths:4)
  A draconian stormcaller (Zot:2)
  3 deep elf demonologists
  An entropy weaver (Spider:2)
  A deep elf annihilator (Vaults:3)
  Azrael (D:14)
  2 vampire knights
  A green draconian (Zot:1)
  3 black draconians (Zot:2)
  2 red draconians
  2 white draconians
  A purple draconian (Zot:1)
  2 spark wasps
  A yellow draconian (Depths:5)
  A deep elf death mage (Elf:3)
  A blizzard demon (IceCv)
  3 merfolk javelineers
  An eidolon (Vaults:3)
  3 yaktaur captains
  An ettin (Depths:5)
  A mummy priest (Crypt:3)
  2 jiangshi (Crypt:3)
  A crystal guardian (Vaults:4)
  A green death (Crypt:2)
  3 fire dragons
  3 merfolk impalers
  3 great orbs of eyes (Depths:1)
  4 vault guards
  A rakshasa (Depths:4)
  5 ice dragons
  5 centaur warriors
  An alligator snapping turtle (Shoals:4)
  2 ogre magi
  3 merfolk aquamancers
  13 two-headed ogres
  A satyr (Shoals:2)
  A catoblepas (Lair:6)
  11 dancing weapons
  3 death knights
  3 deep troll earth magi
  2 tengu warriors (Depths:5)
  2 death yaks (Lair:2)
  2 hell hogs (Depths:1)
  4 deep troll shamans
  A spriggan berserker (Depths:4)
  6 deep elf knights
  A hell knight (Depths:1)
  A vampire mage (Crypt:2)
  An iron troll (Depths:2)
  A soul eater (Depths:4)
  3 shadow wraiths
  12 skeletal warriors
  7 sea snakes
  A salamander mystic (Depths:4)
  3 deep elf archers
  3 flayed ghosts
  A large abomination (Crypt:2)
  9 deep trolls
  5 harpies
  2 ironbrand convokers
  6 ugly things
  A necromancer (Crypt:3)
  An orc knight (Vaults:1)
  An orc sorcerer (Orc:2)
  10 orb spiders
  16 deep elf magi
  A manticore (shapeshifter) (Vaults:1)
  5 salamanders
  29 wolf spiders
  A cyclops (Shoals:4)
  4 merfolk sirens
  5 manticores
  9 fauns
  3 moths of wrath
  2 elephants (Lair:4)
  A black mamba (Lair:5)
  A torpor snail (Spider:1)
  3 vault sentinels
  A centaur skeleton (D:14)
  An ice statue (IceCv)
  A torpor snail (shapeshifter) (Crypt:2)
  3 water nymphs
  9 spiny frogs
  A tengu conjurer (D:11)
  8 yaktaurs
  2 freezing wraiths
  A komodo dragon (Lair:3)
  2 guardian mummies (Crypt:3)
  6 demonic crawlers
  6 ice devils (IceCv)
  A red devil (Depths:4)
  A tyrant leech (Lair:6)
  21 merfolk
  3 wind drakes
  A hellwing (Depths:4)
  24 jumping spiders
  4 hornets
  8 snapping turtles
  2 dream sheep (Shoals:4)
  14 blink frogs
  8 slime creatures
  4 hippogriffs
  5 air elementals
  23 flying skulls
  2 yaks (Lair:6)
  An ettin skeleton (Vaults:5)
  15 tarantellas
  42 redbacks
  A spriggan (Lair:2)
  10 water elementals
  A tarantella (shapeshifter) (Depths:1)
  4 wraiths
  5 fire elementals
  5 vampire mosquitoes
  A chaos spawn (Crypt:2)
  A deep troll zombie (Vaults:3)
  An insubstantial wisp (Crypt:2)
  6 hell hounds
  A porcupine (Lair:2)
  A water moccasin (Lair:6)
  2 orc warriors (Orc:2)
  A boggart (Depths:1)
  2 ogres
  2 phantoms
  6 centaurs
  5 necrophages
  5 crocodiles
  2 earth elementals (Elf:1)
  9 bullfrogs
  A glowing shapeshifter simulacrum (Depths:3)
  An elf skeleton (D:7)
  A scorpion (D:11)
  A killer bee (D:7)
  An electric eel (Spider:1)
  A centaur zombie (D:11)
  3 crimson imps (Depths:4)
  2 orc wizards (Orc:2)
  3 orc priests
  A hell rat (Crypt:2)
  A gnoll (D:4)
  A scorpion zombie (Ossuary)
  An adder (D:11)
  A shadow imp (D:9)
  A white imp (IceCv)
  4 ufetubi (IceCv)
  11 orcs
  A ball python (Sewer)
  2 giant cockroaches (D:6)
  3 jackals
  A hobgoblin zombie (Ossuary)
  A jackal skeleton (Crypt:2)
  A quokka zombie (D:9)
  4 fungi
  44 plants
  A tentacle (Shoals:4)
722 creatures vanquished.

Vanquished Creatures (others)
  A tentacled monstrosity (Zot:5)
  A dancing weapon (Elf:1)
  An ogre mage (Vaults:1)
  2 slime creatures (D:14)
  An air elemental (Elf:1)
  A crimson imp (Depths:4)
  An orc priest (Orc:2)
  6 white imps (IceCv)
  3 ufetubi (IceCv)
  23 fungi
  50 plants
  28 tentacles (Shoals:4)
118 creatures vanquished.

Grand Total: 2935 creatures vanquished

Table legend:
 A = Turns spent in this place as a percentage of turns spent in the entire game.
 B = Non-inter-level travel turns spent in this place as a percentage of non-inter-level travel turns spent in the entire game.
 C = Inter-level travel turns spent in this place as a percentage of turns spent in this place.
 D = Turns resting spent in this place as a percentage of non-inter-level travel turns spent in this place.
 E = Turns spent auto-exploring this place as a percentage of non-inter-level travel turns spent in this place.
 F = Non-inter-level travel turns spent in this place divided by the number of levels of this place that you've seen.
                   A       B       C       D       E      F
               +-------+-------+-------+-------+-------+----------------------
         Total | 100.0 | 100.0 |   5.5 |  43.8 |  38.5 | 1414.2
       Dungeon |  25.8 |  25.6 |   6.4 |  46.1 |  38.4 | 1349.1
        Temple |   0.3 |   0.3 |   9.9 |   0.0 |  98.6 | 209.0
          Lair |  10.1 |  10.2 |   4.8 |  35.1 |  49.1 | 1348.5
        Shoals |   5.1 |   5.2 |   3.3 |  30.5 |  46.3 | 1036.5
   Spider Nest |   3.5 |   3.6 |   3.9 |  26.5 |  49.9 | 711.5
  Orcish Mines |   5.4 |   5.1 |  11.0 |  52.9 |  30.5 | 2024.0
   Elven Halls |   5.4 |   5.3 |   7.4 |  36.2 |  42.8 | 1394.0
        Vaults |  12.3 |  12.0 |   7.7 |  35.4 |  43.4 | 1899.0
         Crypt |   6.9 |   6.9 |   5.7 |  56.4 |  26.6 | 1830.7
        Depths |  14.4 |  14.7 |   3.6 |  54.4 |  29.8 | 2321.2
           Zot |   8.6 |   8.9 |   2.1 |  46.2 |  40.6 | 1404.2
         Sewer |   0.7 |   0.8 |   0.0 |  41.6 |  30.1 | 608.0
       Ossuary |   1.0 |   1.1 |   0.0 |  63.0 |   9.2 | 870.0
      Ice Cave |   0.4 |   0.4 |   0.0 |  15.8 |   4.4 | 342.0
               +-------+-------+-------+-------+-------+----------------------
